AA
VIRGINIA BEACH GREEN JACKETS @ CHATTANOOGA LOOKOUTS
04/28/2024
 
TOP OF THE 1ST
Virginia Beach Green Jackets batting - Pitching for Chattanooga Lookouts : RHP Chris McMahon
Pitching: RHP Chris McMahon
Batting: RHB Vinny Capra 0-0: Fly out, F7 (Flyball, 7, EV 88.1 MPH)
Batting: RHB Kellen Strahm 0-0: Called Strike
0-1: Swinging Strike
0-2: Foul Ball, location: 7LDF
0-2: Ball
1-2: Fly out, F7 (Flyball, 7LM, EV 85.0 MPH)
Batting: LHB Darick Hall 0-0: Called Strike
0-1: Ball
1-1: Ball
2-1: Ball
3-1: Base on Balls
Batting: RHB Bryson Brigman 0-0: SINGLE (Line Drive, 9LS, EV 106.9 MPH)
Darick Hall to second
Batting: RHB Ramon Rodriguez 0-0: Ball
1-0: Called Strike
1-1: Fly out, F8 (Flyball, 8RD, EV 105.6 MPH)
Top of the 1st over - 0 runs, 1 hit, 0 errors, 2 left on base; Virginia Beach 0 - Chattanooga 0
BOTTOM OF THE 1ST
Chattanooga Lookouts batting - Pitching for Virginia Beach Green Jackets : RHP Cody Poteet
Pitching: RHP Cody Poteet
Batting: LHB Colton Cowser 0-0: Reached on error, E4 (Groundball, 4, EV 104.4 MPH)
Batting: RHB Jermaine Palacios 0-0: Called Strike
0-1: Called Strike
0-2: Ground out 6-3 (Groundball, 6, EV 85.6 MPH)
Colton Cowser to third
Batting: RHB Maikel Garcia 0-0: SINGLE (Line Drive, 9LS, EV 90.0 MPH)
Colton Cowser scores
Batting: LHB Heston Kjerstad 0-0: Grounds into double play, 4-6-3 (Groundball, 34D, EV 103.1 MPH)
Bottom of the 1st over - 1 run, 1 hit, 1 error, 0 left on base; Virginia Beach 0 - Chattanooga 1
TOP OF THE 2ND
Virginia Beach Green Jackets batting - Pitching for Chattanooga Lookouts : RHP Chris McMahon
Batting: LHB Jax Biggers 0-0: Ball
1-0: Swinging Strike
1-1: Called Strike
1-2: Foul Ball, location: 3F
1-2: Ball
2-2: Ball
3-2: Fly out, F7 (Line Drive, 78S, EV 89.4 MPH)
Batting: RHB Aaron McKeithan 0-0: Ball
1-0: Called Strike
1-1: Ball
2-1: Fly out, F7 (Flyball, 7, EV 91.3 MPH)
Batting: LHB Kean Wong 0-0: Ball
1-0: Ball
2-0: Fly out, F5 (Popup, 5SF, EV 63.1 MPH)
Top of the 2nd over - 0 runs, 0 hits, 0 errors, 0 left on base; Virginia Beach 0 - Chattanooga 1
BOTTOM OF THE 2ND
Chattanooga Lookouts batting - Pitching for Virginia Beach Green Jackets : RHP Cody Poteet
Batting: RHB Tyler Nevin 0-0: Ball
1-0: Ball
2-0: Foul Ball, location: 9LDF
2-1: SINGLE (Groundball, 6MD, EV 110.0 MPH)
Batting: RHB Diego Castillo 0-0: Ball
1-0: SINGLE (Line Drive, 4D, EV 94.4 MPH)
Tyler Nevin to second
Batting: RHB Pedro Castellanos 0-0: Ball
1-0: Called Strike
1-1: Fly out, F4 (Popup, 4MS, EV 74.4 MPH)
Batting: RHB Jesus Bastidas 0-0: SINGLE (Groundball, 6MD, EV 95.0 MPH)
Tyler Nevin to third
Diego Castillo to second
Runner from 3rd tries for Home, SAFE, throw by CF to home
Batting: RHB Logan Tanner 0-0: Swinging Strike
0-1: Ball
1-1: Fly out, F9 (Flyball, 89M, EV 92.5 MPH)
Batting: LHB Colton Cowser 0-0: Ball
1-0: Ball
2-0: Foul Ball, location: 7LSF
2-1: Called Strike
2-2: Ball
3-2: Fly out, F7 (Flyball, 7LSF, EV 88.1 MPH)
Bottom of the 2nd over - 1 run, 3 hits, 0 errors, 2 left on base; Virginia Beach 0 - Chattanooga 2
TOP OF THE 3RD
Virginia Beach Green Jackets batting - Pitching for Chattanooga Lookouts : RHP Chris McMahon
Batting: SHB Gabriel Maciel 0-0: Ball
1-0: Fly out, F3 (Popup, 3SF, EV 80.0 MPH)
Batting: RHB Vinny Capra 0-0: Swinging Strike
0-1: Called Strike
0-2: Strikes out swinging
Batting: RHB Kellen Strahm 0-0: Foul Ball, location: 3F
0-1: Foul Ball, location: 9LMF
0-2: Strikes out swinging
Top of the 3rd over - 0 runs, 0 hits, 0 errors, 0 left on base; Virginia Beach 0 - Chattanooga 2
BOTTOM OF THE 3RD
Chattanooga Lookouts batting - Pitching for Virginia Beach Green Jackets : RHP Cody Poteet
Batting: RHB Jermaine Palacios 0-0: Ball
1-0: Foul Ball, location: 2F
1-1: Swinging Strike
1-2: Strikes out looking
Batting: RHB Maikel Garcia 0-0: Called Strike
0-1: Foul Ball, location: 9LSF
0-2: SINGLE (Groundball, 34D, EV 98.8 MPH)
Batting: LHB Heston Kjerstad 0-0: Called Strike
0-1: Foul Ball, location: 2RF
0-2: Ball
1-2: Foul Ball, location: 7LMF
1-2: Foul Ball, location: 23F
1-2: Ball
2-2: Ball
3-2: Foul Ball, location: 2F
3-2: SINGLE (Line Drive, 4D, EV 94.4 MPH)
Maikel Garcia to second
Runner from 2nd tries for 3rd, SAFE, no throw by CF
Batting: RHB Tyler Nevin 0-0: Called Strike
0-1: Called Strike
0-2: Foul Ball, location: 9LSF
0-2: Ball
1-2: Foul Ball, location: 5F
1-2: Ball
2-2: Ball
3-2: Fly out, F7 (Flyball, 7, EV 91.9 MPH)
Runner from 3rd tags up, SCORES, throw by LF
Batting: RHB Diego Castillo 0-0: Ball
1-0: Ball
2-0: Fly out, F8 (Flyball, 89D, EV 98.1 MPH)
Bottom of the 3rd over - 1 run, 2 hits, 0 errors, 1 left on base; Virginia Beach 0 - Chattanooga 3
TOP OF THE 4TH
Virginia Beach Green Jackets batting - Pitching for Chattanooga Lookouts : RHP Chris McMahon
Batting: LHB Darick Hall 0-0: SINGLE (Flyball, 6D, EV 95.0 MPH)
Batting: RHB Bryson Brigman 0-0: Called Strike
0-1: Ball
1-1: Ball
2-1: Ball
3-1: Grounds into double play, 5-4-3 (Groundball, 56S, EV 81.3 MPH)
Batting: RHB Ramon Rodriguez 0-0: Ground out 5-3 (Groundball, 5L, EV 102.5 MPH)
Top of the 4th over - 0 runs, 1 hit, 0 errors, 0 left on base; Virginia Beach 0 - Chattanooga 3
BOTTOM OF THE 4TH
Chattanooga Lookouts batting - Pitching for Virginia Beach Green Jackets : RHP Cody Poteet
Batting: RHB Pedro Castellanos 0-0: Swinging Strike
0-1: DOUBLE (Line Drive, 8RXD, EV 98.8 MPH)
Batting: RHB Jesus Bastidas 0-0: Ball
1-0: Called Strike
1-1: Foul Ball, location: 9LDF
1-2: Ball
2-2: Fly out, F7 (Flyball, 7D, EV 96.9 MPH)
Runner from 2nd tags up, SAFE at 3rd, no throw by LF
Batting: RHB Logan Tanner 0-0: Ground out 5-3 (Groundball, 56S, EV 81.3 MPH)
Batting: LHB Colton Cowser 0-0: Ball
1-0: Ball
2-0: 2-RUN HOME RUN (Flyball, 9D, EV 99.4 MPH), Distance : 368 ft
Batting: RHB Jermaine Palacios 0-0: Ball
1-0: Foul Ball, location: 5F
1-1: Ball
2-1: Ball
3-1: Swinging Strike
3-2: Ground out U3 (Groundball, 3, EV 83.8 MPH)
Bottom of the 4th over - 2 runs, 2 hits, 0 errors, 0 left on base; Virginia Beach 0 - Chattanooga 5
TOP OF THE 5TH
Virginia Beach Green Jackets batting - Pitching for Chattanooga Lookouts : RHP Chris McMahon
Batting: LHB Jax Biggers 0-0: Ball
1-0: Fly out, F6 (Popup, 6M, EV 71.9 MPH)
Batting: RHB Aaron McKeithan 0-0: Ball
1-0: Foul Ball, location: 2F
1-1: Called Strike
1-2: Foul Ball, location: 2F
1-2: Foul Ball, location: 7LDF
1-2: Foul Ball, location: 2F
1-2: Ball
2-2: Ball
3-2: Foul Ball, location: 2F
3-2: Fly out, F7 (Line Drive, 78M, EV 90.0 MPH)
Batting: LHB Kean Wong 0-0: Foul Ball, location: 3FF
0-1: Ball
1-1: Foul Ball, location: 3SF
1-2: Ball
2-2: SINGLE (Groundball, 34D, EV 110.0 MPH)
Batting: SHB Gabriel Maciel 0-0: Called Strike
0-1: Called Strike
0-2: Strikes out swinging
Top of the 5th over - 0 runs, 1 hit, 0 errors, 1 left on base; Virginia Beach 0 - Chattanooga 5
BOTTOM OF THE 5TH
Chattanooga Lookouts batting - Pitching for Virginia Beach Green Jackets : RHP Cody Poteet
Batting: RHB Maikel Garcia 0-0: Called Strike
0-1: Fly out, F8 (Flyball, 8RD, EV 85.0 MPH)
Batting: LHB Heston Kjerstad 0-0: Foul Ball, location: 2F
0-1: Foul Ball, location: 3SF
0-2: Ball
1-2: Foul Ball, location: 2F
1-2: Ball
2-2: DOUBLE (Groundball, 3L, EV 105.0 MPH)
Batting: RHB Tyler Nevin 0-0: Ball
1-0: Ball
2-0: Ball
3-0: Called Strike
3-1: Base on Balls
Batting: RHB Diego Castillo 0-0: Ball
1-0: Called Strike
1-1: Ball
2-1: Foul Ball, location: 2F
2-2: Strikes out swinging
Batting: RHB Pedro Castellanos 0-0: Swinging Strike
0-1: Ball
1-1: Ball
2-1: Swinging Strike
2-2: Ball
3-2: Strikes out swinging
Bottom of the 5th over - 0 runs, 1 hit, 0 errors, 2 left on base; Virginia Beach 0 - Chattanooga 5
TOP OF THE 6TH
Virginia Beach Green Jackets batting - Pitching for Chattanooga Lookouts : RHP Chris McMahon
Batting: RHB Vinny Capra 0-0: SINGLE (Groundball, 6MD, EV 107.5 MPH)
Batting: RHB Kellen Strahm 0-0: Ball
1-0: Ball
2-0: Called Strike
2-1: Ball
3-1: Fly out, F9 (Line Drive, 89M, EV 94.4 MPH)
Batting: LHB Darick Hall 0-0: Swinging Strike
0-1: Swinging Strike
0-2: Ball
1-2: 2-RUN HOME RUN (Flyball, 78XD, EV 110.6 MPH), Distance : 405 ft
Batting: RHB Bryson Brigman 0-0: Ground out 6-3 (Groundball, 6, EV 85.6 MPH)
Batting: RHB Ramon Rodriguez 0-0: DOUBLE (Line Drive, 78D, EV 101.9 MPH)
Batting: LHB Jax Biggers 0-0: Foul Ball, location: 5F
0-1: Foul Ball, location: 5F
0-2: Ball
1-2: DOUBLE (Line Drive, 78XD, EV 107.5 MPH)
Ramon Rodriguez scores
Batting: RHB Aaron McKeithan 0-0: Ball
1-0: Called Strike
1-1: SINGLE (Line Drive, 78S, EV 110.6 MPH)
Jax Biggers to third
Runner from 3rd tries for Home, SAFE, throw by LF to home
Batting: LHB Kean Wong 0-0: Called Strike
0-1: Called Strike
0-2: Strikes out swinging
Top of the 6th over - 4 runs, 5 hits, 0 errors, 1 left on base; Virginia Beach 4 - Chattanooga 5
BOTTOM OF THE 6TH
Chattanooga Lookouts batting - Pitching for Virginia Beach Green Jackets : RHP Cody Poteet
Batting: RHB Jesus Bastidas 0-0: Ball
1-0: Ball
2-0: Ball
3-0: Called Strike
3-1: SINGLE (Line Drive, 6D, EV 96.9 MPH)
Batting: RHB Logan Tanner 0-0: Ball
1-0: Bunt missed!
1-1: Bunted foul
1-2: Ball
2-2: Ball
3-2: Foul Ball, location: 2F
3-2: Base on Balls
Jesus Bastidas to second
Batting: LHB Colton Cowser 0-0: Ball
1-0: Reached on error, E7 (Flyball, 78S, EV 86.9 MPH)
Jesus Bastidas to third
Logan Tanner to second
Pitching: RHP Nabil Crismatt
Batting: RHB Jermaine Palacios 0-0: Called Strike
0-1: Called Strike
0-2: Ball
1-2: Foul Ball, location: 9LSF
1-2: Strikes out swinging
Batting: RHB Maikel Garcia 0-0: Foul Ball, location: 7LMF
0-1: Ball
1-1: Swinging Strike
1-2: Ball
2-2: Strikes out swinging
Batting: LHB Heston Kjerstad 0-0: Called Strike
0-1: Ball
1-1: Foul Ball, location: 2F
1-2: Strikes out swinging
Bottom of the 6th over - 0 runs, 1 hit, 1 error, 3 left on base; Virginia Beach 4 - Chattanooga 5
TOP OF THE 7TH
Virginia Beach Green Jackets batting - Pitching for Chattanooga Lookouts : RHP Chris McMahon
Pinch Hitting: LHB J.J. Matijevic 0-0: Foul Ball, location: 7LMF
0-1: Swinging Strike
0-2: Strikes out swinging
Batting: RHB Vinny Capra 0-0: Ball
1-0: Swinging Strike
1-1: Foul Ball, location: 23F
1-2: Foul Ball, location: 3FF
1-2: SINGLE (Line Drive, 8RS, EV 100.0 MPH)
Pitching: RHP James McArthur
Batting: RHB Kellen Strahm 0-0: Called Strike
0-1: Ball
1-1: Ball
2-1: SINGLE (Groundball, 6, EV 99.4 MPH)
Vinny Capra to second
Batting: LHB Darick Hall 0-0: Called Strike
0-1: Ball
1-1: Foul Ball, location: 9LDF
1-2: Ball
2-2: Foul Ball, location: 2F
2-2: Foul Ball, location: 2F
2-2: SINGLE (Line Drive, 9LS, EV 98.1 MPH)
Vinny Capra to third
Kellen Strahm to second
Runner from 3rd tries for Home, SAFE, throw by RF to home
Batting: RHB Bryson Brigman 0-0: Ball
1-0: Called Strike
1-1: Foul Ball, location: 9LDF
1-2: Ball
2-2: Fly out, F8 (Flyball, 8LM, EV 93.1 MPH)
Batting: RHB Ramon Rodriguez 0-0: Ball
1-0: Ball
2-0: Called Strike
2-1: Foul Ball, location: 5F
2-2: Ball
3-2: Ground out 6-3 (Groundball, 6D, EV 98.1 MPH)
Top of the 7th over - 1 run, 3 hits, 0 errors, 2 left on base; Virginia Beach 5 - Chattanooga 5
BOTTOM OF THE 7TH
Chattanooga Lookouts batting - Pitching for Virginia Beach Green Jackets : RHP Nabil Crismatt
Now in LF: Luis Aviles Jr.
Now in CF: Kellen Strahm
Batting: RHB Tyler Nevin 0-0: Swinging Strike
0-1: Ball
1-1: Swinging Strike
1-2: Ball
2-2: Strikes out looking
Batting: RHB Diego Castillo 0-0: Ball
1-0: Ball
2-0: Ground out 6-3 (Groundball, 6, EV 85.0 MPH)
Batting: RHB Pedro Castellanos 0-0: Foul Ball, location: 25FF
0-1: Swinging Strike
0-2: Ball
1-2: Ground out 6-3 (Groundball, 6, EV 76.9 MPH)
Bottom of the 7th over - 0 runs, 0 hits, 0 errors, 0 left on base; Virginia Beach 5 - Chattanooga 5
TOP OF THE 8TH
Virginia Beach Green Jackets batting - Pitching for Chattanooga Lookouts : RHP James McArthur
Batting: LHB Jax Biggers 0-0: Foul Ball, location: 23F
0-1: Foul Ball, location: 3F
0-2: Fly out, F7 (Flyball, 78D, EV 86.3 MPH)
Pitching: RHP Mauricio Llovera
Batting: LHB Kody Clemens 0-0: Ball
1-0: Swinging Strike
1-1: Ball
2-1: DOUBLE (Flyball, 8LXD, EV 104.4 MPH)
Batting: LHB Kean Wong 0-0: Intentional Walk
Pinch Hitting: LHB Drew Avans 0-0: Foul Ball, location: 2F
0-1: Foul Ball, location: 25FF
0-2: Ball
1-2: Foul Ball, location: 9LMFF
Balk!
Kody Clemens to third
Kean Wong to second
1-2: Ball
2-2: Ground out 5-3 (Groundball, 5, EV 76.9 MPH)
Batting: RHB Vinny Capra 0-0: Intentional Walk
Batting: RHB Kellen Strahm 0-0: Ball
1-0: Ground out 1-3 (Groundball, 23, EV 71.3 MPH)
Top of the 8th over - 0 runs, 1 hit, 0 errors, 3 left on base; Virginia Beach 5 - Chattanooga 5
BOTTOM OF THE 8TH
Chattanooga Lookouts batting - Pitching for Virginia Beach Green Jackets : RHP Nabil Crismatt
Now in LF: Jax Biggers
Now in RF: Drew Avans
Pinch Hitting: LHB Sterlin Thompson 0-0: Ground out 4-3 (Groundball, 34D, EV 106.3 MPH)
Pinch Hitting: LHB Daniel Cabrera 0-0: Foul Ball, location: 7LSF
0-1: Called Strike
0-2: Foul Ball, location: 2F
0-2: SOLO HOME RUN (Flyball, 78XD, EV 104.4 MPH), Distance : 385 ft
Batting: LHB Colton Cowser 0-0: Ball
1-0: Called Strike
1-1: Foul Ball, location: 7LDF
1-2: DOUBLE (Groundball, 3L, EV 103.8 MPH)
Batting: RHB Jermaine Palacios 0-0: Foul Ball, location: 5F
0-1: Ball
1-1: Ground out U3 (Groundball, 3S, EV 92.5 MPH)
Colton Cowser to third
Batting: RHB Maikel Garcia 0-0: Called Strike
0-1: Ball
1-1: Ball
2-1: Ball
3-1: Foul Ball, location: 7LMF
3-2: Base on Balls
Pitching: LHP Bennett Sousa
Batting: LHB Heston Kjerstad 0-0: Called Strike
0-1: Foul Ball, location: 2F
0-2: Strikes out looking
Bottom of the 8th over - 1 run, 2 hits, 0 errors, 2 left on base; Virginia Beach 5 - Chattanooga 6
TOP OF THE 9TH
Virginia Beach Green Jackets batting - Pitching for Chattanooga Lookouts : RHP Mauricio Llovera
Pitching: RHP Dedniel Nunez
Now at C: Ben Rortvedt
Now at 1B: Greg Deichmann
Now at 3B: Francisco Hernandez
Now in LF: Colton Cowser
Now in CF: Blake Perkins
Batting: LHB Darick Hall 0-0: Ball
1-0: Swinging Strike
1-1: Ball
2-1: Swinging Strike
2-2: Strikes out swinging
Batting: RHB Bryson Brigman 0-0: Ball
1-0: Foul Ball, location: 5FF
1-1: Ball
2-1: Ball
3-1: Foul Ball, location: 9LSFF
3-2: Base on Balls
Batting: RHB Ramon Rodriguez 0-0: Grounds into double play, 5-4-3 (Groundball, 5, EV 86.3 MPH)
Top of the 9th over - 0 runs, 0 hits, 0 errors, 0 left on base; Virginia Beach 5 - Chattanooga 6
Friday, March 1st , 2024 - OOTP Baseball 24.11 Build 85